 Dungeon Crawl Stone Soup version 0.31-a0-774-g0d66cbabe8 (webtiles) character file.

Game seed: 5901972774594214914

760 Shayle the Trooper (level 7, -1/71 HPs)
             Began as an Ogre Shapeshifter on Sept 17, 2023.
             Was a Follower of Cheibriados.
             Slain by a hound (2 damage)
             ... on level 5 of the Dungeon.
             The game lasted 00:11:07 (4688 turns).

Shayle the Trooper (Ogre Shapeshifter)              Turns: 4688, Time: 00:11:07

Health: -1/71      AC:  3    Str: 21    XL:     7   Next: 80%
Magic:  13/13      EV: 10    Int: 15    God:    Cheibriados [*.....]
Gold:   205        SH:  0    Dex: 10    Spells: 12/14 levels left

rFire   . . .        v - +2 whip (venom)
rCold   . . .        (no shield)
rNeg    . . .        a - +0 animal skin
rPois   .            (helmet currently unavailable)
rElec   .            (cloak currently unavailable)
rCorr   .            (gloves unavailable)
SInv    .            (boots unavailable)
Will    .....        (no amulet)
Stlth   +            (no ring)
HPRegen 0.31/turn    (no ring)
MPRegen 0.13/turn

%: no passive effects
@: beast-form, invisible, very slow
A: beast (slay +2), large, unfitting armour, tough skin 1, screaming 1
a: Begin Untransformation, Renounce Religion, Bend Time


You were on level 5 of the Dungeon.
You worshipped Cheibriados.
Cheibriados was aware of your devotion.
You were a hulking beast.
You visited 2 branches of the dungeon, and saw 6 of its levels.

You collected 205 gold pieces.

Inventory:

Hand Weapons
 v - a +2 whip of venom (weapon)
Armour
 a - a +0 animal skin (worn)
 s - a +0 cloak
Jewellery
 b - a ring of fire
Talismans
 c - a beast talisman (active)
 d - a flux talisman
Wands
 x - a wand of flame (28)
Scrolls
 e - a scroll of revelation {unknown}
 h - 2 scrolls of fog {unknown}
 l - a scroll of poison {unknown}
 n - a scroll of noise {unknown}
 o - 3 scrolls of teleportation
 q - 2 scrolls of amnesia {unknown}
 r - 2 scrolls of immolation {unknown}
 t - 3 scrolls of blinking {unknown}
 u - 3 scrolls of vulnerability {unknown}
Potions
 g - 2 potions of brilliance
 i - a potion of resistance
 k - a potion of magic
 p - 2 potions of attraction
 w - a potion of degeneration {unknown}


   Skills:
 + Level 4.3 Fighting
 - Level 4.0 Dodging
 + Level 4.0 Unarmed Combat
 + Level 4.2 Spellcasting
 * Level 2.4 Invocations
 - Level 4.0 Shapeshifting


You had 12 spell levels left.
You knew the following spells:

 Your Spells              Type           Power      Damage    Failure   Level
a - Wereblood             Tmut           3%         N/A       26%         2

Your spell library contained the following spells:

 Spells                   Type           Power      Damage    Failure   Level
 Apportation              Tloc           6%         N/A       19%         1
 Necrotise                Necr           12%        1d4       19%         1
 Summon Small Mammal      Summ           12%        N/A       19%         1
 Irradiate                Conj/Tmut      1%         3d12      99%         5


Dungeon Overview and Level Annotations

Branches:
Dungeon (5/15)             Temple (1/1) D:4

Altars:
Ashenzari
Cheibriados
Elyvilon
Gozag
Kikubaaqudgha
Makhleb
Nemelex Xobeh
Ru
Sif Muna
Uskayaw
Vehumet
Wu Jian
Yredelemnul
The Shining One

Shops:
D:2 [:


Innate Abilities, Weirdness & Mutations

You are a hulking beast.
Your limbs bulge with bestial killing power. (Slay +2)
You are too large for most types of armour.
You have tough skin. (AC +1)
You occasionally shout uncontrollably at your foes.


Message History

* * * LOW HITPOINT WARNING * * *
The phantom blinks!
You blink.
You are too injured to fight recklessly!
Okay, then.
Okay, then.
It was a potion of mutation.
You feel extremely strange.
You feel the urge to shout. The hound bites you.
* * * LOW HITPOINT WARNING * * *
An orc wizard comes into view. It is wielding a +2 dagger of venom.
The phantom hits you.
* * * LOW HITPOINT WARNING * * *
The phantom blinks!
You blink.
An adder and an orc wizard come into view.
Okay, then.
Okay, then.
As you read the scroll labelled BYATIETH KIKHLA, it crumbles to dust.
You feel strangely unstable.
It was a scroll of teleportation.
The orc wizard shouts! x2; The adder hisses angrily.
The orc wizard gestures at you while chanting.
You are confused.
The phantom hits you.
* * * LOW HITPOINT WARNING * * *
The phantom blinks!
You blink.
The hound closely misses you. The hound bites you.
* * * LOW HITPOINT WARNING * * *
The hound bites you.
* * * LOW HITPOINT WARNING * * *
The phantom hits you.
* * * LOW HITPOINT WARNING * * *
The phantom blinks!
You blink.
It was a potion of invisibility.
You fade into invisibility!
Your surroundings seem slightly different.
You feel less confused. The hound attacks as it pursues you!
The hound bites you.
* * * LOW HITPOINT WARNING * * *
The hound pauses to sniff the ground.
The hound bites you.
You die...

...............................#
#..............####......##.>##
##.............## ###....#....##
...#.#####......# #..>.##....#
......####.....#######..####.....
..##...##........##.......###..##
........)....##.......#..## ####
....#####)..##....#####..#
......##....###.h...# ....#
o...o.S§h...###h....# ...##
.............#......# #..#
.............S.......#####
..........##.........#
...§§.....##..##....##
..........##.###.....#
..........#..# ....#...
..........#.# .####....


You could see a hound and an adder (unable to see you).

Vanquished Creatures
  Edmund (D:4)
  An ogre (D:5)
  A scorpion (D:5)
  A howler monkey (D:4)
  3 hounds
  2 iguanas
  Natasha (thrice) (D:4 D:3)
  2 orc wizards (D:5)
  A gnoll (D:1)
  10 adders
  An ufetubus (D:4)
  A worm (D:2)
  5 dart slugs
  10 orcs
  4 ball pythons
  8 endoplasms
  3 giant cockroaches
  4 goblins
  4 hobgoblins
  6 jackals
  4 quokkas
  6 bats
  2 frilled lizards
  A kobold (D:3)
  3 rats
87 creatures vanquished.

Notes
Turn   | Place    | Note
-------+----------+-------------------------------------------
     0 | D:1      | Shayle the Ogre Shapeshifter began the quest for the Orb.
     0 | D:1      | Reached XP level 1. HP: 19/19 MP: 1/1
   153 | D:1      | Reached XP level 2. HP: 11/28 MP: 1/3
   176 | D:1      | Reached skill level 1 in Spellcasting
   439 | D:1      | Reached XP level 3. HP: 20/35 MP: 4/4
   792 | D:2      | Found Veaj Noi's Vocational Training.
  1342 | D:2      | Found Puaffop's Armour Shoppe.
  1383 | D:2      | Found a sparkling altar of Nemelex Xobeh.
  1448 | D:2      | Reached XP level 4. HP: 42/42 MP: 6/6
  2160 | D:3      | Reached XP level 5. HP: 50/50 MP: 8/8
  2876 | D:4      | Noticed Natasha
  2883 | D:4      | Killed Natasha
  3078 | D:4      | Noticed Natasha
  3086 | D:3      | Killed Natasha
  3087 | D:3      | Reached XP level 6. HP: 61/61 MP: 10/10
  3151 | D:3      | Noticed Natasha
  3161 | D:3      | Killed Natasha
  3358 | D:4      | Found a staircase to the Ecumenical Temple.
  3373 | Temple   | Entered the Ecumenical Temple
  3424 | Temple   | Became a worshipper of Cheibriados the Contemplative
  3767 | D:4      | Noticed Edmund
  3783 | D:4      | Killed Edmund
  3784 | D:4      | Reached XP level 7. HP: 12/67 MP: 12/12
  4027 | D:4      | Learned a level 2 spell: Wereblood
  4045 | D:5      | Entered Level 5 of the Dungeon
  4056 | D:5      | Reached skill level 1 in Invocations
  4517 | D:5      | Reached * piety under Cheibriados
  4681 | D:5      | Gained mutation: You occasionally shout uncontrollably at
                  | your foes. [potion of mutation]
  4683 | D:5      | HP: 2/71 [phantom (2)]
  4688 | D:5      | HP: 1/71 [hound (3)]
  4688 | D:5      | Slain by a hound

Illustrated notes

Levels and vault maps discovered:
D:1:      dpeg_arrival_shelter, layout_loops_ring, minmay_pentomino_p4
D:2:      layout_loops_corners, basic_altar, serial_shops, shop,
          nicolae_shop_vocational
D:3:      layout_loops_ring, nicolae_half_adder
D:4:      layout_cave_pools, minmay_temple_entry_large_hall,
          minmay_stone_trees_small, uniq_natasha, uniq_edmund
D:5:      layout_cave_pools
Temple:   compressed_dpeg_circular_temple

Skill      XL: |  1  2  3  4  5  6  7 |
---------------+----------------------+-----
Dodging        | 2 3 4 |  4.0
Spellcasting   | 1 2 3 4 |  4.2
Fighting       | 2 3 4 |  4.3
Unarmed Combat | 3 4 |  4.0
Invocations    | 2 |  2.4
Shapeshifting  | 4 |  4.0

Action                     |  1- 3 |  4- 6 |  7- 9 || total
---------------------------+-------+-------+-------++-------
  Melee: Unarmed           |   107 |    14 |       ||   121
         Punch             |     2 |     1 |     1 ||     4
         Whip              |       |   119 |    66 ||   185
    Use: Scroll            |       |     9 |     1 ||    10
         Potion            |       |     3 |     3 ||     6
 Armour: Animal skin       |    73 |   108 |    61 ||   242
         Skin              |       |    34 |       ||    34
  Dodge: Dodged            |    50 |    78 |    23 ||   151

Table legend: (Time is in decaauts)
 A = Elapsed time spent in this place.
 B = Non-inter-level travel time spent in this place.
 C = Inter-level travel time spent in this place.
 D = Time resting spent in this place.
 E = Time spent auto-exploring this place.
 F = Levels seen in this place.
 G = Mean time per level.
                   A        B        C        D        E       F      G
               +--------+--------+--------+--------+--------+-----+--------+
         Total |   4875 |   4637 |    238 |    733 |   2880 |   6 |  812.5 |
       Dungeon |   4780 |   4585 |    195 |    733 |   2880 |   5 |  956.0 |
        Temple |     94 |     52 |     42 |      0 |      0 |   1 |   94.0 |
               +--------+--------+--------+--------+--------+-----+--------+

Top non-repeatable levels by time:
     D:3: 1377 daAuts
     D:2: 1056 daAuts
     D:4: 936 daAuts
     D:5: 726 daAuts
     D:1: 684 daAuts
  Temple: 94 daAuts
